 Dungeon Crawl Stone Soup version 0.22-a0-587-g7d32d7c (webtiles) character file.

1979 royokou the Arsonist (level 9, -1/62 HPs)
             Began as a Hill Orc Fire Elementalist on July 4, 2018.
             Was an Initiate of Beogh.
             Slain by an orc warrior
             ... wielding a +0 halberd
              (22 damage)
             ... on level 8 of the Dungeon.
             The game lasted 00:37:47 (8836 turns).

royokou the Arsonist (Hill Orc Fire Elementalist)   Turns: 8836, Time: 00:37:48

Health: -1/62      AC:  6    Str: 11    XL:     9   Next: 20%
Magic:  1/15       EV: 11    Int: 18    God:    Beogh [......]
Gold:   360        SH:  0    Dex: 11    Spells: 1/16 levels left

rFire    . . .     SeeInvis .   e - +0 hand axe
rCold    . . .     Gourm    .   (no shield)
rNeg     . . .     Faith    .   g - +0 leather armour
rPois    .         Spirit   .   (no helmet)
rElec    .         Reflect  .   D - +0 cloak
rCorr    +         Harm     .   (no gloves)
MR       .....                  A - +1 pair of boots
Stlth    +.........             (no amulet)
HPRegen  0.20/turn              y - ring of resist corrosion
MPRegen  0.14/turn              (no ring)

@: no status effects
A: no striking features
a: Renounce Religion


You were on level 8 of the Dungeon.
You worshipped Beogh.
Beogh was noncommittal.
You were hungry.

You visited 2 branches of the dungeon, and saw 9 of its levels.

You collected 360 gold pieces.

Inventory:

Hand Weapons
 d - a +0 spear
 e - a +0 hand axe (weapon)
Armour
 a - a +0 robe
 f - a +0 ring mail
 g - a +0 leather armour (worn)
 i - a +0 scale mail
 A - a +1 pair of boots (worn)
 D - a +0 cloak (worn)
Jewellery
 u - a +3 ring of protection
 y - a ring of resist corrosion (left hand)
Wands
 r - a wand of paralysis (13)
 C - a wand of acid (7)
Scrolls
 b - 3 scrolls of teleportation
 h - a scroll of identify
 j - 2 scrolls of enchant armour
 l - 2 scrolls of fear {unknown}
 q - 2 scrolls of immolation
 s - a scroll of remove curse
 w - a scroll of magic mapping
 B - a scroll of holy word {unknown}
Potions
 k - 3 potions of ambrosia
 m - 2 potions of curing
 n - 2 potions of brilliance
 o - 2 potions of mutation {unknown}
 p - a potion of berserk rage {unknown}
 t - a potion of magic
 v - a potion of lignification
 x - a potion of haste
 z - 2 potions of heal wounds
Comestibles
 c - 14 rations


   Skills:
 - Level 1.5 Dodging
 - Level 1.5 Stealth
 - Level 4.3 Spellcasting
 + Level 7.4 Conjurations
 + Level 8.8 Fire Magic


You had one spell level left.
You knew the following spells:

 Your Spells              Type           Power        Failure   Level  Hunger
a - Flame Tongue          Conj/Fire      ####.        1%          1    None
b - Conjure Flame         Conj/Fire      ####....     1%          3    ###....
c - Sticky Flame          Conj/Fire      ####....     7%          4    ####...
d - Fireball              Conj/Fire      ####......   19%         5    ######.
e - Searing Ray           Conj           ####..       1%          2    ##.....

Your spell library contained the following spells:

 Spells                   Type           Power        Failure   Level  Hunger
 Magic Dart               Conj           ####         1%          1    None
 Throw Flame              Conj/Fire      ####..       1%          2    ##.....
 Iskenderun's Mystic Bla  Conj           ####....     9%          4    ####...
 Inner Flame              Hex/Fire       ###.....     10%         3    ###....
 Fulminant Prism          Conj/Hex       ###.......   38%         4    ####...
 Dazzling Spray           Conj/Hex       ###...       12%         3    ###....
 Force Lance              Conj/Tloc      ###.....     38%         4    ####...


Dungeon Overview and Level Annotations

Branches:
Dungeon (8/15)             Temple (1/1) D:5
   Lair: D:8-11

Altars:
Ashenzari
Cheibriados
Dithmenos
Elyvilon
Fedhas
Gozag
Hepliaklqana
Kikubaaqudgha
Okawaru
Qazlal
Ru
Sif Muna
Trog
Uskayaw
Vehumet
Wu Jian
Xom
Yredelemnul
The Shining One

Annotations:
D:6 Grinder


Message History

The orc warrior is covered in liquid flames!
You are feeling hungry.
The orc warrior burns!
The orc warrior hits you with a halberd.
Casting: Sticky Flame (safe; 7% risk of failure)
Confirm with . or Enter, or press ? or * to list all spells.
Aiming: Flame Tongue (safe; 1% risk of failure)
Press: ? - help, Shift-Dir - straight line, f/p - orc warrior
Aim: an orc warrior, wielding a halberd and wearing a runed plate armour (almost dead, covered in liquid flames)
The flame tongue hits the orc warrior.
The orc warrior completely resists.
The orc warrior is almost dead.
The orc warrior burns!
The orc warrior closely misses you.
The orc warrior burns!
The orc warrior hits you but does no damage.
The orc warrior burns!
The orc warrior stops burning.
Things that are here:
a robe; a dagger The orc warrior hits you from afar with a halberd!!
You die...
Beogh appreciates the orc warrior's killing of a heretic priest.

......## ....... #########
.....###
........######........### #
#...........#......... #..
#.##.# #... ....
#....####.##.########.#####...
............[@[..[............
#...!###.o##.########.#####)..
#.. #...o.....# #......... #
#.........# #..####...
#.........####..####...
#..##.......÷..........
#..######...#.#.###.#.# ....#
#...#.#.# . .. ####.#
#<..÷.#.. .. ..


You could see an orc warrior and an orc.

Vanquished Creatures
  Maurice (D:8)
  Edmund (D:6)
  An orc warrior (D:7)
  3 phantoms
  A sky beast (Temple)
  An ogre (D:7)
  3 bullfrogs
  A scorpion (D:6)
  4 wights (D:7)
  2 crimson imps
  A bullfrog zombie (D:6)
  A hound (D:4)
  An orc priest (D:8)
  3 bullfrog skeletons
  A jelly (D:5)
  An iguana (D:6)
  5 orc wizards
  5 worker ants
  8 adders
  A shadow imp (D:5)
  An adder zombie (D:6)
  An adder skeleton (D:8)
  A worm (D:3)
  4 leopard geckos
  6 orcs
  3 giant cockroaches
  9 goblins
  7 hobgoblins
  12 jackals
  A quokka (D:3)
  A ball python zombie (D:5)
  2 bats (D:1)
  4 frilled lizards
  4 kobolds
  2 rats (D:1)
103 creatures vanquished.

Notes
Turn   | Place    | Note
-------+----------+-------------------------------------------
     0 | D:1      | royokou the Hill Orc Fire Elementalist began the quest for the Orb.
     0 | D:1      | Reached XP level 1. HP: 14/14 MP: 3/3
   506 | D:1      | Reached XP level 2. HP: 20/20 MP: 1/4
  1123 | D:2      | Reached XP level 3. HP: 26/26 MP: 0/6
  1304 | D:2      | Found a shattered altar of Ashenzari.
  1780 | D:3      | Reached skill level 4 in Fire Magic
  1798 | D:3      | Reached XP level 4. HP: 13/33 MP: 0/7
  2115 | D:3      | Found a snail-covered altar of Cheibriados.
  2241 | D:3      | Found a sacrificial altar of Ru.
  2805 | D:4      | Reached XP level 5. HP: 38/38 MP: 5/8
  2810 | D:4      | Learned a level 3 spell: Conjure Flame
  2848 | D:4      | Noticed a phantom
  2870 | D:4      | Killed a phantom
  3024 | D:4      | Learned a level 4 spell: Sticky Flame
  3278 | D:5      | Entered Level 5 of the Dungeon
  3309 | D:5      | Noticed a fire elemental
  3311 | D:5      | Found a stormy altar of Qazlal.
  3348 | D:5      | Found a staircase to the Ecumenical Temple.
  3396 | D:5      | Reached skill level 5 in Fire Magic
  3396 | D:5      | Reached XP level 6. HP: 34/45 MP: 6/10
  3451 | D:5      | Noticed a sky beast
  3463 | Temple   | Entered the Ecumenical Temple
  3474 | Temple   | Killed a sky beast
  4302 | D:5      | Found a white marble altar of Elyvilon.
  4428 | D:5      | Noticed a water elemental
  4428 | D:5      | Noticed an air elemental
  4618 | D:6      | Noticed a phantom
  4638 | D:6      | Killed a phantom
  4638 | D:6      | Reached XP level 7. HP: 39/50 MP: 7/12
  4928 | D:6      | Noticed Edmund
  5239 | D:5      | Learned a level 5 spell: Fireball
  5247 | D:6      | Killed Edmund
  5247 | D:6      | Reached skill level 6 in Fire Magic
  5923 | D:6      | Reached skill level 5 in Conjurations
  5988 | D:6      | Found a shadowy altar of Dithmenos.
  6367 | D:6      | Noticed Grinder
  6378 | D:6      | Reached XP level 8. HP: 41/57 MP: 10/13
  7051 | D:7      | Reached skill level 7 in Fire Magic
  7514 | D:7      | Learned a level 2 spell: Searing Ray
  8235 | D:8      | Became a worshipper of Beogh the Brigand
  8321 | D:8      | Noticed Maurice
  8390 | D:8      | Reached skill level 8 in Fire Magic
  8449 | D:7      | Reached XP level 9. HP: 17/62 MP: 0/15
  8700 | D:8      | Killed Maurice
  8836 | D:8      | Slain by an orc warrior

Vault maps used:
D:1:      onia_arrival_mini_maze, item_on_display_b
D:2:      evilmike_ruin_ashenzari
D:3:      hangedman_ru_absence, nicolae_overflow_crystal_walls, first_ration,
          kennysheep_another_room
D:5:      elyvilon_altar_4, nicolae_qazlal_style_of_elements, temple_pool_b,
          lemuel_flamethrower_2
D:6:      corexii_shack_village, lemuel_crystal_altar,
          grunt_dithmenos_smoke_and_mirrors, minmay_fountain_box,
          guppyfry_shop_venom, uniq_grinder, uniq_edmund
D:8:      basic_altar, uniq_maurice
Temple:   nicolae_temple_figure_eight

Skill      XL: |  1  2  3  4  5  6  7  8  9 |
---------------+----------------------------+-----
Spellcasting   | 2 3 4 |  4.3
Conjurations   | 2 3 4 5 6 7 |  7.4
Fire Magic     | 4 5 6 8 |  8.8
Dodging        | |  1.5
Stealth        | |  1.5

Action                   |  1- 3 |  4- 6 |  7- 9 || total
-------------------------+-------+-------+-------++-------
Melee: Unarmed           |     6 |       |       ||     6
       Hand axe          |    26 |    31 |   283 ||   340
 Cast: Flame Tongue      |    47 |    55 |   117 ||   219
       Sticky Flame      |       |       |    21 ||    21
       Conjure Flame     |       |       |     3 ||     3
       Searing Ray       |       |       |     2 ||     2
Invok: Convert to Beogh  |       |       |     1 ||     1
  Use: Scroll            |       |    16 |     1 ||    17
       Potion            |       |       |     2 ||     2
 Stab: Sleeping          |       |     1 |     1 ||     2
  Eat: Chunk             |     3 |     3 |    11 ||    17
       Ration            |       |     2 |     2 ||     4
Armor: Robe              |     2 |       |       ||     2
       Leather armour    |    10 |    15 |   126 ||   151
Dodge: Dodged            |    29 |    29 |   184 ||   242

Table legend:
 A = Spawn XP
 B = Non-spawn XP
 C = Spawn XP percentage of total XP
 D = Spawn monster count
 E = Non-spawn monster count
 F = Spawn count percentage of total count
 G = Total turns spent on level
                    A         B        C        D         E        F      G
               +---------+---------+-------+---------+---------+-------+---------
         Total |       0 |    2828 |   0.0 |       0 |     103 |   0.0 |  8836
               +---------+---------+-------+---------+---------+-------+---------
           D:1 |       0 |      21 |   0.0 |       0 |      13 |   0.0 |  1093
           D:2 |       0 |      30 |   0.0 |       0 |      11 |   0.0 |   801
           D:3 |       0 |      52 |   0.0 |       0 |       8 |   0.0 |   665
           D:4 |       0 |     205 |   0.0 |       0 |       7 |   0.0 |   719
           D:5 |       0 |     216 |   0.0 |       0 |       7 |   0.0 |  1156
           D:6 |       0 |     742 |   0.0 |       0 |      31 |   0.0 |  1752
           D:7 |       0 |     760 |   0.0 |       0 |      17 |   0.0 |  1912
           D:8 |       0 |     745 |   0.0 |       0 |       8 |   0.0 |   317
        Temple |       0 |      57 |   0.0 |       0 |       1 |   0.0 |   421
               +---------+---------+-------+---------+---------+-------+---------
